cohdb
Replays
Latest Replays
All Replays
Popular Replays
Top Player Replays
Match Explorer
How It Works
Community
CoH3 Stats
Reddit
Sign in to upload your games and track your stats! →
Sign in with Steam
Match 41285676
Unlisted
Match 41285676
Overview
Messages
Build Orders
End
Royal Engineer Section
Construct Section Command Post
Selects Canadian Shock Battlegroup
Infantry Section
Infantry Section
Selects Attacking Spirit
Selects Canadian Shock Section
Selects Canadian Shock Section
Canadian Shock Section
BIOHAZARD
[LoB]Fagio
HAMMERfeuER
eine Dublone
0
0
Comments
sign in to comment!
No comments posted yet!